 Dungeon Crawl Stone Soup version 0.32-a0-35-gd9ff480968 (webtiles) character file.

Game seed: 6187566494394725201

383 cforsyth the Magician (level 7, -1/53 HPs)
             Began as a Djinni Enchanter on Jan 22, 2024.
             Was a Believer of Lugonu.
             Engulfed by a cloud of flame (6 damage)
             ... on level 4 of the Dungeon.
             The game lasted 00:04:44 (3138 turns).

cforsyth the Magician (Djinni Enchanter)            Turns: 3138, Time: 00:04:44

Health: -1/53      AC:  4    Str:  7    XL:     7   Next: 5%
Gold:   187        EV: 12    Int: 19    God:    Lugonu [**....] SH:  0 Dex: 13

rFire   + + .        o - +0 dagger (distort)
rCold   x . .        (no shield)
rNeg    . . .        b - +0 robe
rPois   ∞            z - +0 helmet
rElec   .            (no cloak)
rCorr   .            f - +0 pair of gloves
SInv    .            (boots unavailable)
Will    .....        (no amulet)
Stlth   ++           (no ring)
HPRegen 0.28/turn    (no ring)
MPRegen 0.00/turn

%: infuse magic (-2 HP)
@: flying
A: sickness immunity, fire resistance 2, cold vulnerability 1, float, innate
caster, HP casting, extra vitality 1
a: Renounce Religion, Depart the Abyss, Banish


You were on level 4 of the Dungeon.
You worshipped Lugonu.
Lugonu was pleased with you.
You visited 1 branch of the dungeon, and saw 4 of its levels.
You visited the Abyss 1 time.

You collected 187 gold pieces.

Inventory:

Hand Weapons
 a - a +1 dagger
 o - a +0 dagger of distortion (weapon)
Armour
 b - a +0 robe (worn)
 f - a +0 pair of gloves (worn)
 z - a +0 helmet (worn)
Wands
 w - a wand of paralysis (11)
Scrolls
 d - 2 scrolls of revelation {unknown}
 e - 3 scrolls of enchant armour {unknown}
 g - a scroll of poison {unknown}
 j - a scroll of fog {unknown}
 m - a scroll of teleportation {unknown}
 n - 3 scrolls of blinking {unknown}
 p - a scroll of noise {unknown}
 r - a scroll of fear {unknown}
 t - 2 scrolls of identify {unknown}
 u - a scroll of vulnerability {unknown}
 y - 2 scrolls of amnesia {unknown}
Potions
 c - 2 potions of invisibility
 h - a potion of brilliance {unknown}
 i - 2 potions of heal wounds {unknown}
 k - 4 potions of curing {unknown}
 l - 3 potions of lignification {unknown}
 q - a potion of resistance {unknown}
 s - a potion of magic {unknown}
 v - a potion of ambrosia {unknown}
 x - a potion of might {unknown}


   Skills:
 + Level 4.6 Fighting
 - Level 0.8 Short Blades
 - Level 2.1 Dodging
 - Level 2.4 Stealth
 + Level 4.6 Spellcasting
 + Level 4.6 Conjurations
 + Level 4.6 Hexes
 + Level 4.6 Summonings
 + Level 4.6 Necromancy
 + Level 4.6 Translocations
 + Level 4.6 Fire Magic
 + Level 4.6 Ice Magic
 + Level 4.6 Air Magic
 + Level 4.6 Earth Magic
 + Level 4.6 Alchemy


You knew the following spells:

 Your Spells              Type           Power      Damage    Failure   Level
a - Ensorcelled Hibernat  Hex/Ice        44%        N/A       3%          2
b - Confusing Touch       Hex            22%        N/A       6%          3
c - Tukima's Dance        Hex            22%        N/A       6%          3
d - Dazzling Flash        Conj/Hex       44%        N/A       6%          3
e - Summon Small Mammal   Summ           88%        N/A       1%          1
f - Searing Ray           Conj           44%        2d6       3%          2
g - Inner Flame           Hex/Fire       22%        N/A       6%          3
Your spell library was empty.

Dungeon Overview and Level Annotations

Branches:
Dungeon (4/15)
 Temple: D:4-7

Altars:


Innate Abilities, Weirdness & Mutations

You are immune to sickness and miasma.
You are immune to poison.
Your flesh is very heat resistant. (rF++)
You are vulnerable to cold. (rC-)
You float through the air rather than walking.
You learn spells naturally, not from books.
Your magical power is your life essence.
You have superior vitality. (+4 MHP)


Message History

You kill the gnoll!
Lugonu accepts your kill. The gnoll misses you.
The gnoll hits you but does no damage.
You hit the gnoll.
The gnoll is moderately wounded.
The gnoll blinks!
The goblin closely misses you. The gnoll hits you with a +0 whip.
You closely miss the gnoll. The goblin hits you but does no damage.
The gnoll hits you with a +0 club.
Casting: Searing Ray (safe; 3% risk of failure)
Confirm with . or Enter, or press ? or * to list all spells.
Aiming: Searing Ray (safe; 3% risk of failure)
Press: ? - help, Shift-Dir - straight line, f - gnoll
Aim: a gnoll, wielding a +0 whip (81% to hit)
Okay, then.
Unknown command.
Casting: Searing Ray (safe; 3% risk of failure)
Confirm with . or Enter, or press ? or * to list all spells.
Aiming: Inner Flame (dangerous; 6% risk of failure)
Press: ? - help, Dir - move target, f - goblin
Aim: a goblin, wielding a +0 dagger (chance to affect: 89%)
The goblin is filled with an inner flame.
The goblin hits you with a +0 dagger. The gnoll hits you with a +0 club!
The gnoll hits you with a +0 whip.
You hit the goblin. Lugonu accepts your kill.
The goblin explodes!
The fiery explosion engulfs the gnoll!!!
You kill the gnoll!
Lugonu accepts your kill.
The fiery explosion engulfs the gnoll!!
You kill the gnoll!
Lugonu accepts your kill. The fiery explosion engulfs you! You resist.
* * * LOW HITPOINT WARNING * * *
The fiery explosion engulfs the gnoll!!
You kill the gnoll!
Lugonu accepts your kill.
You are engulfed in blazing flames.
You resist.
You die...

#.............
##.............
##..#...........
#..####.........
##.##
#..........
##.##
##...#......
##.##
#...........
##..#
#.......#...
##..##
#..§@§...#.
#..##
#..§§§......
##.##
#..§§§......
###.#####
#...........
........#
#...........
........#
#...........
...^....#
#...........
........#
##..........
.......##


There were no monsters in sight!

Vanquished Creatures
  Eustachio (D:4)
  An orc priest (D:3)
  5 gnolls
  4 adders (D:2)
  14 orcs (D:3)
  7 ball pythons
  5 endoplasms
  3 giant cockroaches
  7 goblins
  6 hobgoblins
  7 kobolds
  4 quokkas
  6 bats
  2 frilled lizards (D:1)
  8 rats
80 creatures vanquished.

Notes
Turn   | Place    | Note
-------+----------+-------------------------------------------
     0 | D:1      | cforsyth the Djinni Enchanter began the quest for the Orb.
     0 | D:1      | cforsyth set off with the following spells memorised:
                  | Ensorcelled Hibernation, Confusing Touch, Tukima's Dance,
                  | Dazzling Flash.
     0 | D:1      | Reached XP level 1. HP: 15/15 MP: 0/0
   177 | D:1      | Reached XP level 2. HP: 22/22 MP: 0/0
   230 | D:1      | Reached skill level 1 in Fighting
   362 | D:1      | Reached XP level 3. HP: 8/28 MP: 0/0
   362 | D:1      | Learned a level 1 spell: Summon Small Mammal
   966 | D:2      | Reached XP level 4. HP: 28/33 MP: 0/0
  1394 | Abyss:1  | Cast into level 1 of the Abyss (kobold)
  1427 | Abyss:1  | Found a corrupted altar of Lugonu.
  1473 | Abyss:1  | Noticed a bone dragon
  1478 | Abyss:1  | Found a corrupted altar of Lugonu.
  1480 | Abyss:1  | Noticed a chaos spawn
  1486 | Abyss:1  | Became a worshipper of Lugonu the Unformed
  1486 | Abyss:1  | Reached * piety under Lugonu
  1486 | Abyss:1  | Reached ** piety under Lugonu
  1487 | D:2      | Escaped the Abyss
  2185 | D:3      | Reached XP level 5. HP: 33/40 MP: 0/0
  2185 | D:3      | Learned a level 2 spell: Searing Ray
  2776 | D:4      | Noticed Eustachio
  2789 | D:4      | Killed Eustachio
  2790 | D:4      | Reached XP level 6. HP: 34/47 MP: 0/0
  2907 | D:4      | Reached XP level 7. HP: 32/53 MP: 0/0
  2907 | D:4      | Learned a level 3 spell: Inner Flame
  3138 | D:4      | Engulfed by a cloud of flame

Illustrated notes

Levels and vault maps discovered:
D:1:      psy_arrival_statuary, layout_rooms, hex_large
D:2:      layout_loops_corners, minivault_26
D:3:      layout_rooms
D:4:      layout_cave_pods, kennysheep_mini, uniq_eustachio

Skill      XL: |  1  2  3  4  5 |
---------------+----------------+-----
Spellcasting   | 3 4 |  4.6
Conjurations   | 3 4 |  4.6
Hexes          | 3 4 |  4.6
Summonings     | 3 4 |  4.6
Necromancy     | 3 4 |  4.6
Translocations | 3 4 |  4.6
Fire Magic     | 3 4 |  4.6
Ice Magic      | 3 4 |  4.6
Air Magic      | 3 4 |  4.6
Earth Magic    | 3 4 |  4.6
Alchemy        | 3 4 |  4.6
Fighting       | 1 2 4 |  4.6
Short Blades   | |  0.8
Dodging        | |  2.1
Stealth        | |  2.4

Action                     |  1- 3 |  4- 6 |  7- 9 || total
---------------------------+-------+-------+-------++-------
  Melee: Dagger            |   150 |   157 |     5 ||   312
         Punch             |     2 |     1 |       ||     3
   Cast: Ensorcelled Hiber |     3 |    10 |       ||    13
         Searing Ray       |       |     1 |     1 ||     2
         Inner Flame       |       |       |     2 ||     2
 Invoke: Depart the Abyss  |       |     1 |       ||     1
   Stab: Sleeping          |     5 |    10 |       ||    15
 Armour: Robe              |    64 |    83 |    11 ||   158
  Dodge: Dodged            |    92 |    84 |     5 ||   181

Table legend: (Time is in decaauts)
 A = Elapsed time spent in this place.
 B = Non-inter-level travel time spent in this place.
 C = Inter-level travel time spent in this place.
 D = Time resting spent in this place.
 E = Time spent auto-exploring this place.
 F = Levels seen in this place.
 G = Mean time per level.
                   A        B        C        D        E       F      G
               +--------+--------+--------+--------+--------+-----+--------+
         Total |   3122 |   3092 |     30 |      0 |   2437 |   5 |  624.4 |
       Dungeon |   3029 |   2999 |     30 |      0 |   2373 |   4 |  757.2 |
         Abyss |     92 |     92 |      0 |      0 |     64 |   1 |   92.0 |
               +--------+--------+--------+--------+--------+-----+--------+

Top non-repeatable levels by time:
     D:2: 1106 daAuts
     D:1: 858 daAuts
     D:3: 636 daAuts
     D:4: 428 daAuts
 Abyss:1: 92 daAuts
